 Dungeon Crawl Stone Soup version 0.17-a0-1914-gde4187c (webtiles) character file.

2054 Goblin1989 the Basher (level 9, 0/64 HPs)
             Began as a Human Fighter on Sept 26, 2015.
             Was a Believer of Makhleb.
             Succumbed to poison (a potion of poison)
             ... on level 8 of the Dungeon.
             The game lasted 00:26:27 (8463 turns).

Goblin1989 the Basher (Human Fighter)               Turns: 8463, Time: 00:26:27

Health: 0/64       AC: 11    Str: 20      XL:     9   Next: 49%
Magic:  9/9        EV:  7    Int:  6 (9)  God:    Makhleb [**....]
Gold:   443        SH: 10    Dex: 14      Spells: 0 memorised, 8 levels left

rFire  . . .     SeeInvis +     a - +0 flail
rCold  . . .     Clarity  +     b - +0 scale mail
rNeg   . . .     SustAt   .     c - +1 shield
rPois  .         Gourm    .     (helmet restricted)
rElec  .         Spirit   .     P - +2 cloak
rCorr  .         Warding  .     x - -1 pair of gloves
rMut   .         Stasis   .     (no boots)
MR     +....                    z - amulet of clarity
Stlth  ..........               t - ring of protection from magic
                                i - ring of see invisible

@: lethally poisoned (0 -> -28), very slightly contaminated, somewhat resistant
to hostile enchantments, extremely unstealthy
A: horns 1, rugged brown scales 1, agile 1
a: Minor Destruction, Renounce Religion


You were on level 8 of the Dungeon.
You worshipped Makhleb.
Makhleb was pleased with you.
You were not hungry.

You visited 2 branches of the dungeon, and saw 9 of its levels.
You also visited: Ossuary.

You collected 443 gold pieces.

Inventory:

Hand weapons
 a - a +0 flail (weapon)
 u - a +0 longbow
Missiles
 H - 91 arrows (quivered)
 I - 11 arrows of flame
Armour
 b - a +0 scale mail (worn)
 c - a +1 shield (worn)
 e - a +0 helmet
 x - a -1 pair of gloves (worn)
 P - a +2 cloak (worn)
Jewellery
 i - a ring of see invisible (left hand)
 r - an uncursed ring of protection from magic
 t - a ring of protection from magic (right hand)
 z - an amulet of clarity (around neck)
Magical devices
 o - a wand of polymorph (19)
 p - a wand of confusion (18)
 s - a wand of confusion (5)
 w - a wand of teleportation (3)
 J - a wand of random effects (36)
 M - a wand of frost (15)
 N - a wand of slowing (24)
Scrolls
 d - a scroll of enchant armour
 j - a scroll of amnesia
 k - a scroll of identify
 l - 2 scrolls of teleportation
 y - 3 scrolls of random uselessness
 F - a scroll of remove curse
Potions
 g - 2 potions of curing {unknown}
 h - a potion of invisibility
 m - 4 potions of flight
 n - 2 potions of cancellation
 q - 3 potions of poison
 v - a potion of brilliance {unknown}
 B - 4 potions of degeneration
 C - 2 potions of mutation
 D - 2 potions of ambrosia {unknown}
 E - 2 potions of lignification {unknown}
 G - a potion of berserk rage {unknown}
 K - 2 potions of haste
 L - a potion of resistance {unknown}
 O - a potion of beneficial mutation {unknown}
Comestibles
 A - 4 bread rations


   Skills:
 - Level 3.0 Fighting
 + Level 11.8 Maces & Flails
 - Level 3.0 Armour
 - Level 3.0 Shields


You had 8 spell levels left.
You didn't know any spells.

Dungeon Overview and Level Annotations

Branches:
Dungeon (8/15)             Temple (1/1) D:4
   Lair: D:8-11

Altars:
Ashenzari
Cheibriados
Dithmenos
Elyvilon
Fedhas
Gozag
Kikubaaqudgha
Makhleb
Nemelex Xobeh
Okawaru
Qazlal
Ru
Sif Muna
Trog
Vehumet
Xom
Zin
The Shining One

Shops:
D:6 %   D:7 =


Innate Abilities, Weirdness & Mutations

You have a pair of small horns on your head.
You are partially covered in rugged brown scales (AC +1, +3% HP).
You are agile. (Dex +2)


Message History

Drink which item? (? for menu, Esc to quit)
It was a potion of poison.
That liquid tasted very nasty...
You are more poisoned.
* * * LOW HITPOINT WARNING * * *
You feel sick. You block the killer bee's attack.
You block the killer bee's attack.
Drink which item? (? for menu, Esc to quit)
It was a potion of degeneration.
There was something very wrong with that liquid.
You feel dopey.
* * * LOW HITPOINT WARNING * * *
You feel very sick. You block the killer bee's attack. x2
Drink which item? (? for menu, Esc to quit)
It was a potion of mutation.
You feel extremely strange.
Rugged brown scales grow over part of your body.
A pair of horns grows on your head!
Your +0 helmet falls away!
You feel agile.
You die...

#.......#.#.#
#######.#.#.#
#######.#.#.#
#.........#.#
#.#####.###.######
#.# #............
#†# #..###.######
#†# #....#.# #@#
#.##.#.# #y#
#....#.# #.#
######.# ... ..#
### ###


You could see a killer bee.

Vanquished Creatures
  Menkaure (D:5)
  A sky beast (D:5)
  An orc warrior (D:7)
  2 centaurs (D:6)
  An ogre (D:4)
  A giant frog (D:8)
  2 scorpions
  5 killer bees (D:8)
  A giant frog zombie (D:6)
  A jelly (D:8)
  2 iguanas
  A centaur skeleton (D:4)
  A centaur zombie (Ossuary)
  2 human zombies (Ossuary)
  Crazy Yiuf (D:7)
  A gnoll shaman (D:5)
  An orc priest (D:8)
  5 crimson imps
  A giant frog skeleton (D:4)
  Natasha (thrice) (D:2 D:4)
  2 orc wizards (D:7)
  5 worker ants
  A killer bee zombie (D:5)
  6 mummies (Ossuary)
  Robin (D:3)
  7 gnolls
  8 adders
  A worker ant zombie (D:5)
  A shadow imp (D:6)
  An ooze (D:4)
  2 adder skeletons
  A worm (D:2)
  3 giant geckos
  13 orcs
  2 ball pythons
  7 bats
  8 giant cockroaches
  20 goblins
  13 hobgoblins
  8 jackals
  8 kobolds
  4 quokkas
  A ball python skeleton (D:4)
  A giant newt (D:2)
  A gnoll zombie (Ossuary)
  2 goblin zombies (Ossuary)
  A kobold zombie (Ossuary)
  An orc zombie (Ossuary)
  10 rats
173 creatures vanquished.

Vanquished Creatures (others)
  A plant (D:8)
1 creature vanquished.

Grand Total: 174 creatures vanquished

Notes
Turn   | Place    | Note
--------------------------------------------------------------
     0 | D:1      | Goblin1989 the Human Fighter began the quest for the Orb.
     0 | D:1      | Reached XP level 1. HP: 18/18 MP: 1/1
   172 | D:1      | Reached XP level 2. HP: 24/24 MP: 2/2
   706 | D:1      | Reached XP level 3. HP: 26/29 MP: 3/3
   964 | D:2      | Noticed Natasha
   987 | D:2      | Killed Natasha
   987 | D:2      | Reached skill level 4 in Maces & Flails
   987 | D:2      | Reached XP level 4. HP: 21/35 MP: 4/4
  1154 | D:2      | Found a blossoming altar of Fedhas.
  1219 | D:2      | Noticed Natasha
  1235 | D:2      | Killed Natasha
  1747 | D:2      | Reached XP level 5. HP: 38/41 MP: 5/5
  1927 | D:3      | Noticed Robin
  1944 | D:3      | Reached skill level 5 in Maces & Flails
  1958 | D:3      | Killed Robin
  2844 | D:3      | Reached XP level 6. HP: 45/47 MP: 6/6
  3361 | D:4      | Reached skill level 6 in Maces & Flails
  3372 | D:4      | Noticed Natasha
  3386 | D:4      | Killed Natasha
  3815 | D:4      | Reached skill level 7 in Maces & Flails
  3815 | D:4      | Reached XP level 7. HP: 50/52 MP: 7/7
  3926 | D:4      | Found a staircase to the Ecumenical Temple.
  3961 | Temple   | Entered the Ecumenical Temple
  4066 | Temple   | Became a worshipper of Makhleb the Destroyer
  4622 | D:5      | Entered Level 5 of the Dungeon
  4630 | D:5      | Reached skill level 8 in Maces & Flails
  4867 | D:5      | Reached XP level 8. HP: 44/58 MP: 8/8
  4879 | D:5      | Noticed Menkaure
  4885 | D:5      | Killed Menkaure
  5179 | D:5      | Found a sand-covered staircase.
  5190 | Ossuary  | Entered an ossuary
  5210 | Ossuary  | Reached skill level 9 in Maces & Flails
  5673 | Ossuary  | Acquired Makhleb's first power
  6336 | D:6      | Found a snail-covered altar of Cheibriados.
  6435 | D:6      | Reached skill level 10 in Maces & Flails
  6567 | D:6      | Found a burning altar of Makhleb.
  6858 | D:6      | Found Roeseddy's Food Emporium.
  7015 | D:6      | Found a bloodstained altar of Trog.
  7374 | D:6      | Found an opulent altar of Gozag.
  7374 | D:6      | Found a glowing silver altar of Zin.
  7440 | D:6      | Reached XP level 9. HP: 63/63 MP: 9/9
  7626 | D:7      | Found a sacrificial altar of Ru.
  7795 | D:7      | Found Ucloont's Jewellery Emporium.
  7957 | D:7      | Found a deep blue altar of Sif Muna.
  7964 | D:7      | Reached skill level 11 in Maces & Flails
  8074 | D:7      | Noticed Crazy Yiuf
  8095 | D:7      | Killed Crazy Yiuf
  8095 | D:7      | Acquired Makhleb's second power
  8462 | D:8      | HP: 3/63 [poison (a potion of poison)]
  8463 | D:8      | Gained mutation: You are partially covered in rugged brown scales (AC +1, +3% HP). [potion of mutation]
  8463 | D:8      | Gained mutation: You have a pair of small horns on your head. [potion of mutation]
  8463 | D:8      | Gained mutation: You are agile. (Dex +2) [potion of mutation]
  8463 | D:8      | Succumbed to poison (a potion of poison)

Vault maps used:
D:1:      saegor_arrival_simple_c
D:2:      fedhas_altar_2, uniq_natasha
D:3:      uniq_robin
D:4:      minmay_temple_entry_glass
D:5:      first_bread, enter_ossuary_1, minmay_misc_feat_chi, uniq_menkaure
D:6:      grunt_temple_overflow_gold_and_silver, overflow_temple_1_default,
          cheibriados_altar_1, basic_altar, serial_shops, shop,
          patterned_corridor
D:7:      kennysheep_orc_sif_temple, lemuel_round_altar, serial_shops,
          shop_fountains, uniq_crazy_yiuf_cottage
D:8:      yredelemnul_altar_generic
Temple:   circular_temple_12
Ossuary:  ossuary_crypta

Action                   |  1- 3 |  4- 6 |  7- 9 || total
-------------------------+-------+-------+-------++-------
Melee: Flail             |    83 |   295 |   463 ||   841
  Use: Potion            |       |     1 |     8 ||     9
       Scroll            |       |       |    13 ||    13
 Stab: Invisible         |       |       |     3 ||     3
  Eat: Chunk             |       |     3 |     2 ||     5
       Bread ration      |       |     1 |     1 ||     2
       Meat ration       |       |     1 |       ||     1
       Fruit             |       |       |     4 ||     4
       Pizza             |       |       |     1 ||     1
       Beef jerky        |       |       |     1 ||     1
